 Dungeon Crawl Stone Soup version 0.30.1-4-g462c640d31 (webtiles) character file.

Game seed: 5662143198124612075

1029 growler the Basher (level 8, -4/66 HPs)
             Began as an Armataur Fighter on Aug 14, 2023.
             Slain by an iguana (7 damage)
             ... on level 7 of the Dungeon on Aug 15, 2023.
             The game lasted 00:11:21 (5478 turns).

growler the Basher (Armataur Fighter)               Turns: 5478, Time: 00:11:21

Health: -4/66      AC:  7    Str: 23    XL:     8   Next: 3%
Magic:  8/8        EV:  7    Int:  8    God:
Gold:   232        SH:  4    Dex: 11    Spells: 7/7 levels left

rFire   . . .        a - +0 flail
rCold   . . .        c - +0 buckler
rNeg    . . .        b - +0 scale mail
rPois   .            (no helmet)
rElec   .            (no cloak)
rCorr   .            (no gloves)
SInv    .            (no barding)
Will    .....        (no amulet) Stlth
                     (no ring)
HPRegen 0.31/turn    (no ring)
MPRegen 0.11/turn

%: roll
@: hasted, very quick
A: large, rugged brown scales 3, deformed body, armoured tail, roll, long
tongue, awkward tongue
a: no special abilities


You were on level 7 of the Dungeon.
You visited 2 branches of the dungeon, and saw 8 of its levels.

You collected 232 gold pieces.

Inventory:

Hand Weapons
 a - a +0 flail (weapon)
Armour
 b - a +0 scale mail (worn)
 c - a +0 buckler (worn)
Jewellery
 j - the Hermit's Pendant {Faith Invo=14 Evo=0 MP+5}
   (You found it on level 3 of the Dungeon)

   [amulet of faith]

   Invo=14: It sets your Invocations skill to 14.
   Evo=0: It sets your Evocations skill to 0.
   It allows you to gain divine favour quickly.
   MP:        It affects your magic capacity (+5).
 t - an amulet of reflection
 v - a ring of flight
 w - a ring of see invisible
Wands
 r - a wand of flame (23)
Scrolls
 d - a scroll of poison {unknown}
 e - 2 scrolls of immolation
 g - 2 scrolls of amnesia
 h - a scroll of torment {unknown}
 k - 2 scrolls of blinking
 m - a scroll of enchant weapon {unknown}
 o - a scroll of noise {unknown}
 p - a scroll of teleportation
 q - a scroll of enchant armour {unknown}
 u - a scroll of fear
Potions
 f - 3 potions of brilliance
 i - 2 potions of resistance {unknown}
 l - 4 potions of curing {unknown}
 n - 2 potions of lignification
 s - 2 potions of haste
 x - a potion of heal wounds {unknown}


   Skills:
 - Level 2.8 Fighting
 + Level 8.6 Maces & Flails
 - Level 3.8 Armour
 - Level 3.4 Shields


You had 7 spell levels left.
You didn't know any spells.
Your spell library was empty.

Dungeon Overview and Level Annotations

Branches:
Dungeon (7/15)             Temple (1/1) D:5

Altars:
Cheibriados
Dithmenos
Elyvilon
Fedhas
Gozag
Hepliaklqana
Kikubaaqudgha
Nemelex Xobeh
Okawaru
Qazlal
Ru
Sif Muna
Trog
Vehumet
Wu Jian
Xom
Yredelemnul
Zin
The Shining One

Shops:
D:6 *

Annotations:
D:3 2 transporters
D:5 2 runed translucent doors
D:7 Joseph


Innate Abilities, Weirdness & Mutations

You are completely covered in rugged brown scales. (AC +3, +7% HP)
Armour fits poorly on your strangely shaped body.
You have a long armoured tail.
You roll when moving toward enemies. (Rampage)
Your long tongue fully drains potion bottles. (2x potion effects)
Your tongue gives you trouble enunciating. (1.5x scroll delay)


Message History

You enter the shallow water.
You enter the shallow water.
You enter the shallow water.
Partly explored, can't reach some places.
Partly explored, can't reach some places.
There is an open door here.
There is a stone staircase leading down here.
You climb downwards.
Found 2 poisoned darts.
There is a stone staircase leading up here.
Found a ring mail.
Found a stone staircase leading down.
Joseph, a Mercenary comes into view.
He is wielding a +0 quarterstaff.
Found 6 gold pieces.
Joseph shouts!
You hear a shout!
You hear an angry hiss.
Joseph unwields a +0 quarterstaff.
Joseph wields a +0 sling.
Joseph shoots a sling bullet.
The sling bullet hits you.
An iguana comes into view.
The iguana hisses angrily.
You barely miss Joseph.
Joseph unwields a +0 sling.
Joseph wields a +0 quarterstaff.
Joseph hits you with a +0 quarterstaff!
An orc comes into view. It is wielding a +0 whip.
You hit Joseph.
Joseph is lightly wounded.
Joseph closely misses you.
You barely miss Joseph. You tail-slap Joseph!
Joseph is lightly wounded.
Joseph hits you with a +0 quarterstaff!
You hit Joseph. You tail-slap Joseph.
Joseph is moderately wounded.
Joseph hits you with a +0 quarterstaff!
* * * LOW HITPOINT WARNING * * *
Joseph unwields a +0 quarterstaff.
Joseph wields a +0 sling.
Joseph shoots a sling bullet.
The sling bullet hits you!
* * * LOW HITPOINT WARNING * * *
The iguana closely misses you.
You feel yourself speed up.
You slurp down every last drop of the potion of haste!
The iguana bites you!
You die...

#.#.<#
######.#..#
..........#
######.#..####
#.#(....#
#.#.#...#
#[......#
#######..#
.......@.#
########l#
......@.o#
####...........
#.##>....... ≈#
#######.. ≈≈# .
#


You could see an iguana and an orc.

Vanquished Creatures
  An ice beast (D:6)
  2 black bears
  A sky beast (D:6)
  An ogre (D:4)
  3 scorpions (D:5)
  An orc priest (D:3)
  A hound (D:4)
  3 jellies
  2 iguanas
  An orc wizard (D:3)
  7 adders
  A shadow imp (D:6)
  2 ufetubi (D:6)
  9 orcs
  9 ball pythons
  6 endoplasms
  7 giant cockroaches
  5 goblins
  6 hobgoblins
  3 jackals (D:1)
  3 quokkas
  5 bats
  7 frilled lizards
  9 kobolds
  5 rats
100 creatures vanquished.

Notes
Turn   | Place    | Note
-------+----------+-------------------------------------------
     0 | D:1      | growler the Armataur Fighter began the quest for the Orb.
     0 | D:1      | Reached XP level 1. HP: 19/19 MP: 1/1
    63 | D:1      | Reached skill level 2 in Maces & Flails
    67 | D:1      | Reached XP level 2. HP: 15/26 MP: 2/2
   570 | D:2      | Reached XP level 3. HP: 22/32 MP: 3/3
   576 | D:2      | Reached skill level 3 in Maces & Flails
   690 | D:2      | Reached XP level 4. HP: 34/39 MP: 4/4
   918 | D:2      | Reached skill level 4 in Maces & Flails
  1500 | D:3      | Found the Hermit's Pendant {Faith Invo=14 Evo=0 MP+5}
  1552 | D:3      | Reached XP level 5. HP: 42/47 MP: 5/5
  1983 | D:3      | Found a transporter.
  1991 | D:3      | Reached skill level 5 in Maces & Flails
  2009 | D:3      | Found a transporter.
  2466 | D:4      | Noticed an ogre
  2670 | D:4      | Killed an ogre
  2671 | D:4      | Reached XP level 6. HP: 51/53 MP: 6/6
  2874 | D:4      | Found a sparkling altar of Nemelex Xobeh.
  2992 | D:4      | Reached skill level 6 in Maces & Flails
  3093 | D:5      | Entered Level 5 of the Dungeon
  3359 | D:5      | Reached XP level 7. HP: 48/59 MP: 7/7
  3444 | D:5      | Reached skill level 7 in Maces & Flails
  3595 | D:5      | Found a staircase to the Ecumenical Temple.
  3604 | Temple   | Entered the Ecumenical Temple
  3878 | D:5      | Found a large runed translucent door.
  3878 | D:5      | Found a large runed translucent door.
  4531 | D:6      | Reached skill level 8 in Maces & Flails
  5200 | D:6      | Found Qupsough's General Store.
  5255 | D:6      | Reached XP level 8. HP: 61/66 MP: 8/8
  5470 | D:7      | Noticed Joseph
  5476 | D:7      | HP: 2/66 [Joseph/sling bullet (13)]
  5478 | D:7      | Slain by an iguana

Illustrated notes

Levels and vault maps discovered:
D:1:      dpeg_arrival_houses_and_road, layout_rooms,
          wad_floor_pattern_untrapped
D:2:      layout_loops_ring, serial_forest, infiniplex_forest_clump_medium,
          infiniplex_forest_clump_large, infiniplex_forest_clump_long,
          infiniplex_forest_lined_room_2, infiniplex_forest_lined_corner,
          infiniplex_forest_end_2, infiniplex_forest_straight_4,
          infiniplex_forest_clump_C, chequers_serial_rivers_room_a,
          minmay_divided_ellipse
D:3:      layout_basic, gammafunk_ghost_abyssal_escape
D:4:      layout_rooms, nemelex_spade_bored_becter
D:5:      layout_cave_pods, jmf_multi_god_temple2, minmay_temple_entry_junction
D:6:      layout_basic, serial_shops, nicolae_shop_competitors_out_of_business,
          serial_rivers, chequers_serial_rivers_micro_e,
          chequers_serial_rivers_marsh, chequers_serial_rivers_micro_d,
          chequers_serial_rivers_large_a, chequers_serial_rivers_marsh
D:7:      layout_basic, serial_aquarium, aquarium_bridge_square
          [aquarium_subvault_bridge, aquarium_subvault_window,
          aquarium_subvault_bridge, aquarium_subvault_balcony],
          aquarium_bridge_square [aquarium_subvault_window,
          aquarium_subvault_bridge, aquarium_subvault_wall,
          aquarium_subvault_wall], aquarium_window_1, aquarium_window_corner,
          aquarium_view_2d, aquarium_view_2c, aquarium_balcony_double_4,
          aquarium_pool_S, uniq_prince_ribbit1, uniq_joseph,
          uniq_crazy_yiuf_cottage
Temple:   dpeg_five_rooms_temple

Skill      XL: |  1  2  3  4  5  6  7 |
---------------+----------------------+-----
Maces & Flails | 2 3 4 5 6 8 |  8.6
Fighting       | |  2.8
Armour         | |  3.8
Shields        | |  3.4

Action                     |  1- 3 |  4- 6 |  7- 9 || total
---------------------------+-------+-------+-------++-------
  Melee: Flail             |   113 |   190 |    63 ||   366
         Tailslap          |     8 |    18 |     9 ||    35
    Use: Scroll            |       |     7 |       ||     7
         Potion            |       |     1 |     1 ||     2
 Armour: Scale mail        |    82 |    96 |    37 ||   215
  Dodge: Dodged            |    51 |    50 |    21 ||   122
  Block: Buckler           |    31 |    42 |    10 ||    83
